Match 30671634
Unlisted

Match 30671634
End
Construct Barracks
Selects Airborne Battlegroup
Selects Airborne Battlegroup
Selects Heavy Machine Gun Paradrop
Heavy Machine Gun Paradrop
Riflemen Squad
Riflemen Squad
Engineer Squad
Grenade Package
Selects Paratrooper Squad Paradrop
Construct Medical Station
Air Support Center
Construct Motor Pool
M8 Greyhound Armored Car
Paratrooper Squad Paradrop
Construct Weapon Support Center
Selects Anti-tank Gun Team Paradrop
Selects Smoke Bombing Run
Selects Supply Drop
Engineer Squad
M1919 Machine Gun Team
Anti-tank Gun Team Paradrop
Construct Tank Depot
Selects Carpet Bombing Run
M18 Hellcat Tank Destroyer
M18 Hellcat Tank Destroyer
Carpet Bombing Run
M4A1 Sherman Medium Tank
Carpet Bombing Run
P-47 Strafing Run
quangdung.tr0809
KrisikeSenpai
Fate
天璇
NoCommentary
STALKER4732
Devochkin
matrix4x4
0
0

Comments sign in to comment!

No comments posted yet!